 Dungeon Crawl Stone Soup version 0.20-a0-522-g0b37eee (webtiles) character file.

492 kae the Slasher (level 7, -1/56 HPs)
             Began as a Barachian Fighter on Jan 25, 2017.
             Slain by a centaur skeleton (6 damage)
             ... on level 4 of the Dungeon.
             The game lasted 00:04:10 (3683 turns).

kae the Slasher (Barachian Fighter)                 Turns: 3683, Time: 00:04:11

Health: -1/56      AC: 11    Str: 17    XL:     7   Next: 14%
Magic:  7/7        EV:  6    Int:  6    God:
Gold:   209        SH:  8    Dex: 10    Spells: 6/6 levels left

rFire    . . .     SeeInvis .   a - +1 long sword
rCold    . . .     Gourm    .   b - +0 scale mail
rNeg     . . .     Faith    .   c - +0 shield
rPois    .         Spirit   .   (no helmet)
rElec    .         Reflect  .   (no cloak)
rCorr    .         Harm     .   (no gloves)
MR       .....                  (no boots)
Stlth    ..........             s - amulet of regeneration
Regen    0.6/turn               (no ring)
                                q - +4 ring of protection

@: can't hop, drained, slow
A: swims, slowness 1, strong legs 1
a: Hop


You were on level 4 of the Dungeon.
You were not hungry.

You visited 1 branch of the dungeon, and saw 4 of its levels.

You collected 209 gold pieces.

Inventory:

Hand Weapons
 a - a +1 long sword (weapon)
Armour
 b - a +0 scale mail (worn)
 c - a +0 shield (worn)
Jewellery
 e - an uncursed amulet of harm
 q - a +4 ring of protection (left hand)
 s - an amulet of regeneration (around neck)
Scrolls
 h - a scroll of blinking
 j - 5 scrolls of remove curse
 p - a scroll of fear
 r - 2 scrolls of noise
Potions
 g - a potion of degeneration
Comestibles
 d - a meat ration
 f - 5 bread rations
 k - 4 fruits
 l - a royal jelly


   Skills:
 + Level 5.0(4.0) Fighting
 * Level 6.2(5.2) Long Blades
 + Level 5.0(4.0) Armour
 - Level 3.0(2.1) Shields


You had 6 spell levels left.
You didn't know any spells.

Dungeon Overview and Level Annotations

Branches:
Dungeon (4/15)
 Temple: D:4-7

Altars:
Zin

Annotations:
D:4 Menkaure


Innate Abilities, Weirdness & Mutations

You can swim through water.
You cover ground slowly.
You can hop short distances.


Message History

The centaur skeleton hits you but does no damage.
You hit the centaur skeleton.
The centaur skeleton is lightly damaged.
You block the orc priest's attack. The centaur skeleton barely misses you.
You slash the centaur skeleton!
The centaur skeleton is moderately damaged.
You block the centaur skeleton's attack.
The orc priest barely misses you. The centaur skeleton hits you.
* * * LOW HITPOINT WARNING * * *
The orc wizard gestures wildly while chanting.
The orc wizard seems to speed up.
Hop to where?
Press: ? - help, Dir - move target cursor Boing!
You hit the centaur skeleton.
The centaur skeleton is heavily damaged.
The centaur skeleton hits you.
* * * LOW HITPOINT WARNING * * *
The centaur skeleton hits you.
You die...

######.###...... ..# #.#
#...... #.###.####.##.#
#.............#
###.###.###.###.#
#.........#.###.#
########.###..........
#...Z.##.# ###.#.#####
..#######.###@##.#####.#.#####
........)o# #............Mooa.
.########o# #..#.###.#.#.#####
#%# #..#...# .. ..# #..#.###
o.o# #..#.# o...# #..#.#
.o...# #..#.# .>..... ...#.#


You could see a centaur skeleton.

Vanquished Creatures
  The ghost of kae the Slasher, an amateur BaFi (D:3)
  An orc priest (D:4)
  3 orc wizards
  3 worker ants
  Robin (D:3)
  4 adders
  4 worms
  2 dart slugs
  5 leopard geckos
  12 orcs
  8 giant cockroaches
  17 goblins
  14 hobgoblins
  2 jackals (D:3)
  5 kobolds
  12 bats
  6 frilled lizards
  10 rats
110 creatures vanquished.

Notes
Turn   | Place    | Note
-------+----------+-------------------------------------------
     0 | D:1      | kae the Barachian Fighter began the quest for the Orb.
     0 | D:1      | Reached XP level 1. HP: 18/18 MP: 1/1
   250 | D:1      | Reached XP level 2. HP: 20/24 MP: 2/2
   336 | D:1      | Reached skill level 3 in Long Blades
   571 | D:1      | Reached XP level 3. HP: 29/29 MP: 3/3
  1431 | D:2      | Reached XP level 4. HP: 37/37 MP: 4/4
  1450 | D:2      | Reached skill level 4 in Long Blades
  1557 | D:2      | Found a glowing silver altar of Zin.
  1788 | D:3      | Found a faded altar of an unknown god.
  2228 | D:3      | Noticed Robin
  2238 | D:3      | Killed Robin
  2239 | D:3      | Reached XP level 5. HP: 15/42 MP: 5/5
  2429 | D:3      | Noticed kae's ghost (amateur BaFi)
  2445 | D:3      | Killed kae's ghost
  2445 | D:3      | Reached skill level 5 in Long Blades
  2445 | D:3      | Reached XP level 6. HP: 34/49 MP: 6/6
  3275 | D:4      | Noticed Menkaure
  3659 | D:4      | Reached skill level 6 in Long Blades
  3659 | D:4      | Reached XP level 7. HP: 30/55 MP: 7/7
  3665 | D:4      | Reached skill level 5 in Fighting
  3665 | D:4      | Reached skill level 5 in Armour
  3683 | D:4      | Slain by a centaur skeleton

Vault maps used:
D:1:      dpeg_arrival_leaves_temple_mockup, minmay_pentomino_o2
D:2:      zin_statuary
D:3:      chequers_ecumenical_altar_simple, first_bread, moated_statue,
          uniq_robin
D:4:      uniq_menkaure, uniq_blork_the_orc

Skill      XL: |  1  2  3  4  5  6  7 |
---------------+----------------------+-----
Long Blades    | 3 4 5 6 |  6.2
Fighting       | 4 5 |  5.0
Armour         | 4 5 |  5.0
Shields        | |  3.0

Action                   |  1- 3 |  4- 6 |  7- 9 || total
-------------------------+-------+-------+-------++-------
Melee: Long sword        |   134 |   256 |    18 ||   408
 Abil: Hop               |       |     2 |     1 ||     3
  Use: Scroll            |       |    11 |       ||    11
       Potion            |       |     6 |     1 ||     7
  Eat: Chunk             |     3 |     8 |       ||    11
Armor: Scale mail        |    56 |   131 |    15 ||   202
Dodge: Dodged            |    30 |    75 |     5 ||   110
Block: Shield            |    61 |   130 |    14 ||   205
       Rpst.: Long sword |    10 |    27 |       ||    37
